 Dungeon Crawl Stone Soup version 0.24.0-125-gc4c63601f3 (webtiles) character file.

Game seed: 14924601127303032059, levelgen mode: deterministic

118 Frank2 the Cudgeler (level 4, -1/34 HPs)
             Began as a Demonspawn Gladiator on Mar 21, 2020.
             Slain by Terence
             ... wielding a +2 falchion of holy wrath
              (4 damage)
             ... on level 3 of the Dungeon.
             The game lasted 00:02:26 (1839 turns).

Frank2 the Cudgeler (Demonspawn Gladiator)          Turns: 1839, Time: 00:02:27

Health: -1/34      AC:  5    Str: 14    XL:     4   Next: 72%
Magic:  4/4        EV: 13    Int: 10    God:
Gold:   90         SH:  0    Dex: 15    Spells: 3/3 levels left

rFire    . . .     SeeInvis .   a - +1 flail
rCold    . . .     Gourm    .   (no shield)
rNeg     . . .     Faith    .   b - +0 leather armour
rPois    .         Spirit   .   c - +0 helmet
rElec    .         Reflect  .   n - +0 cloak
rCorr    .         Harm     .   (no gloves)
MR       .....                  (no boots)
Stlth    +.........             (no amulet)
HPRegen  0.11/turn              (no ring)
MPRegen  0.09/turn              (no ring)

@: no status effects
A: claws 1, spiny 1
a: no special abilities


You were on level 3 of the Dungeon.
You were very hungry.

You visited 1 branch of the dungeon, and saw 3 of its levels.

You collected 90 gold pieces.

Inventory:

Hand Weapons
 a - a +1 flail (weapon)
Missiles
 d - 2 throwing nets (quivered)
Armour
 b - a +0 leather armour (worn)
 c - a +0 helmet (worn)
 n - a +0 cloak (worn)
Jewellery
 m - an uncursed ring of resist corrosion {unknown}
 o - an uncursed ring of magical power {unknown}
 p - a +3 ring of dexterity {unknown}
Scrolls
 g - a scroll of magic mapping
Potions
 e - a potion of flight {unknown}
 h - a potion of curing {unknown}
 j - a potion of lignification {unknown}
 k - a potion of heal wounds {unknown}
 q - a potion of mutation {unknown}
Comestibles
 f - 4 rations


   Skills:
 + Level 2.9 Fighting
 + Level 3.8 Maces & Flails
 - Level 1.7 Throwing
 + Level 1.2 Armour
 + Level 3.2 Dodging


You had 3 spell levels left.
You didn't know any spells.
Your spell library was empty.

Dungeon Overview and Level Annotations

Branches:
Dungeon (3/15)

Altars:

Annotations:
D:3 Terence


Innate Abilities, Weirdness & Mutations

You have sharp fingernails.
You are partially covered in sharp spines.


Message History

You convulse.
Terence is struck by your spines. Terence completely misses you.
You hit the orc.
The orc is severely wounded.
The orc is struck by your spines.
The orc hits you with a +0 flail of holy wrath.
* * * LOW HITPOINT WARNING * * *
You convulse.
* * * LOW HITPOINT WARNING * * *
Terence is struck by your spines.
Terence hits you with a +2 falchion of holy wrath.
* * * LOW HITPOINT WARNING * * *
You convulse.
* * * LOW HITPOINT WARNING * * *
The orc completely misses you.
There is a stone staircase leading up here.
Terence is struck by your spines.
Terence hits you with a +2 falchion of holy wrath.
* * * LOW HITPOINT WARNING * * *
You convulse.
You die...

# #.....# #
#####.# # ## #
#..# # #.#.
#.## # ..# #.#
# ... #.# # ##
#.# #.# #
#.#(####.# #.#
.
#......#.###@#
# #......@<####
#
###..#....o...#
#>......#####.#
#............#
#
####?.##..##.#
#......##.#
#<..#.....#
#.^.#####..


You could see Terence and an orc.

Vanquished Creatures
  A centaur skeleton (D:3)
  A worker ant (D:2)
  An adder (D:2)
  A gnoll (D:1)
  A worm (D:2)
  3 leopard geckos
  4 giant cockroaches
  2 goblins
  3 hobgoblins
  3 jackals (D:2)
  7 bats
  3 frilled lizards
  9 kobolds
  8 rats
47 creatures vanquished.

Notes
Turn   | Place    | Note
-------+----------+-------------------------------------------
     0 | D:1      | Frank2 the Demonspawn Gladiator began the quest for the
                  | Orb.
     0 | D:1      | Reached XP level 1. HP: 16/16 MP: 1/1
   392 | D:1      | Gained mutation: You have sharp fingernails. [demonic
                  | ancestry]
   392 | D:1      | Reached XP level 2. HP: 21/22 MP: 2/2
   562 | D:1      | Gained mutation: You are partially covered in sharp spines.
                  | [demonic ancestry]
   562 | D:1      | Reached XP level 3. HP: 8/28 MP: 3/3
  1433 | D:2      | Reached XP level 4. HP: 19/34 MP: 4/4
  1547 | D:2      | Reached skill level 1 in Armour
  1824 | D:3      | Noticed Terence
  1839 | D:3      | Slain by Terence

Levels and vault maps discovered:
D:1:      doesnt_arrival_eight_statues, layout_rooms
D:2:      layout_basic
D:3:      layout_loops_cross, gammafunk_ghost_stat_death, first_ration,
          minmay_rat_hole, uniq_terence

Skill      XL: |  1  2  3  4 |
---------------+-------------+-----
Maces & Flails | 3 |  3.8
Dodging        | 3 |  3.2
Armour         | 1 |  1.2
Fighting       | |  2.9
Throwing       | |  1.7

Action                   |  1- 3 |  4- 6 || total
-------------------------+-------+-------++-------
Melee: Flail             |   100 |    19 ||   119
Throw: Throwing net      |     2 |       ||     2
  Use: Scroll            |       |     4 ||     4
 Stab: Held in net/web   |     1 |       ||     1
       Sleeping          |     1 |       ||     1
  Eat: Chunk             |     1 |     1 ||     2
Armor: Leather armour    |    23 |     7 ||    30
Dodge: Dodged            |    66 |    17 ||    83
